Map: Triton LE

Players

Kitagawa

  • Race: Terran Terran
  • League: Master
  • Spawn Location: 11:00

DetRice - Winner!

  • Race: Zerg Zerg
  • League: Diamond
  • Spawn Location: 5:00

VOD

Have the link to the VOD?

Description

Time

  • Played on: Sept. 7, 2019, 2:53 p.m.
  • Length: 4:40
Show
View Real Time Build Order
Export as new Build Order

Kitagawa Terran 

Build Orders: Reaper Expand 

Get SALT Encoding   

  12  0:01  SCV  
  13  0:13  SCV  
  14  0:17  Supply Depot  
  14  0:25  SCV  
  15  0:39  Barracks, SCV  
  16  0:44  Refinery  
  16  0:51  SCV  
  17  1:03  SCV  
  18  1:15  SCV  
  19  1:27  Orbital Command  
  19  1:28  Reaper  
  20  1:43  Command Center  
  20  1:53  SCV  
  21  2:05  SCV, Factory  
  22  2:16  Supply Depot  
  22  2:17  SCV  
  22  2:22  Barracks Reactor  
  23  2:37  SCV  
  24  2:49  SCV  
  24  2:51  Refinery  
  25  2:55  Orbital Command  
  25  3:04  Command Center, Hellion  
  27  3:07  Hellion, Barracks Tech Lab  
  29  3:14  SCV  
  30  3:27  SCV  
  31  3:39  Marine, Siege Tank, SCV  
  31  3:40  Marine  
  37  3:42  Bunker  
  37  3:51  Supply Depot  
  37  3:52  SCV  
  37  3:54  Barracks  
  38  3:59  Marine  
  40  4:09  Marine  
Show
View Real Time Build Order
Export as new Build Order

DetRice Zerg - Winner!

Build Orders: Hatch First 

Get SALT Encoding   

  12  0:01  Drone  
  13  0:13  Overlord  
  13  0:17  Drone  
  14  0:31  Drone x2  
  14  0:35  Drone  
  17  0:55  Drone, Hatchery  
  17  0:58  Extractor  
  17  1:03  Drone  
  17  1:16  Spawning Pool  
  17  1:18  Drone  
  17  1:20  Drone  
  18  1:29  Drone  
  19  1:41  Overlord  
  20  1:54  Drone  
  20  2:03  Metabolic Boost  
  20  2:07  Queen x2  
  24  2:09  Zergling x2  
  24  2:10  Zergling x2  
  26  2:19  Baneling Nest  
  26  2:37  Zergling x10  
  30  3:04  Zergling x10  
  35  3:14  Overlord  
  35  3:21  Zergling x2  
  36  3:33  Zergling x2  
  37  3:34  Zergling x10  
  42  3:42  Baneling  
  42  3:43  Baneling x5  
  39  4:13  Zergling x2  
  39  4:14  Zergling x12  
Tags
 
Add a new tag
Caveats
  • Supply blocks, unpowered buildings, or Contaminate may cause inaccurate times.
  • Supply counts are checked every 10 seconds.